AoeStats
← prontoelpibe

Arena

509485098Analyzed
1v1 RM · 4d ago on Sep 26, 2026· 112m 12s· 2 players
Game mode
Random Map
Map size
Tiny (2 player)
Population
200
Speed
Normal
Resources
Standard
Victory
Conquest
Starting age
Dark Age
Ending age
Imperial Age
RankedLock teamsTeams togetherTeam positionsShared explorationLock speedFull tech treeHidden civsTurbo modeCheats
Victory
Defeat
🇺🇸 Teutons · United States
623
+15
🇺🇾 Burgundians · Uruguay
608
-15
prontoelpibe
3:43 Double-Bit Axe
3:45 Loom
8:43 Wheelbarrow
13:29 Feudal Age
11:57 Gold Mining
12:00 Horse Collar
15:10 Wheelbarrow
17:34 Castle Age
16:00 Bow Saw
16:19 Town Watch
17:14 Gold Shaft Mining
16:57 Heavy Plow
27:42 Imperial Age
26:26 Scale Barding Armor
26:04 Cavalier
27:46 Paladin
29:35 Forging
32:28 Chemistry
32:40 Light Cavalry
35:38 Chain Barding Armor
37:51 Town Patrol
38:08 Hand Cart
39:27 Plate Barding Armor
39:18 Husbandry
47:23 Scale Mail Armor
52:07 Hussar
53:56 Pikeman
57:26 Burgundian Vineyards
60:28 Crop Rotation
60:56 Iron Casting
60:22 Padded Archer Armor
60:13 Fletching
66:29 Capped Ram
73:27 Blast Furnace
85:46 Ballistics
88:57 Arson
95:26 Conscription
106:10 Chain Mail Armor
106:51 Onager
haris.hadziabdic
8:24 Loom
10:19 Feudal Age
15:32 Castle Age
14:04 Double-Bit Axe
23:16 Bow Saw
23:26 Stone Mining
24:38 Fletching
27:09 Stone Shaft Mining
26:26 Gold Mining
28:59 Wheelbarrow
28:52 Fortified Wall
29:06 Ballistics
34:53 Imperial Age
33:11 Guard Tower
33:32 Masonry
33:20 Bodkin Arrow
33:32 Scale Barding Armor
35:09 Horse Collar
35:53 Chain Barding Armor
35:42 Squires
37:18 Chemistry
37:06 Bloodlines
38:01 Plate Barding Armor
39:17 Keep
38:27 Arrowslits
38:13 Cavalier
39:09 Forging
39:03 Scale Mail Armor
39:33 Conscription
40:22 Redemption
41:56 Hand Cart
41:27 Town Watch
41:15 Elite Teutonic Knight
42:30 Hoardings
43:15 Crenellations
43:52 Siege Engineers
44:44 Town Patrol
45:01 Chain Mail Armor
45:21 Iron Casting
45:50 Hoardings
48:18 Guilds
54:17 Two-Man Saw
53:18 Heavy Plow
54:20 Blast Furnace
53:51 Plate Mail Armor
53:43 Ironclad
52:53 Sappers
57:48 Padded Archer Armor
60:45 Bombard Tower
59:58 Paladin
86:40 Capped Ram
104:45 Crop Rotation
Connection lost

Rejoining the realm…

Still unreachable

The connection could not be restored.

Session expired

The server has moved on; the page needs a fresh start.